 Dungeon Crawl Stone Soup version 0.32-a0-921-g04a7ad8e02 (webtiles) character file.

Game seed: 17692091705592242197

486 DEFE the Chopper (level 7, -1/52 HPs)
             Began as a Coglin Fighter on Apr 11, 2024.
             Killed by divine providence
             ... invoked by an orc priest
              (14 damage)
             ... on level 5 of the Dungeon.
             The game lasted 00:02:26 (3060 turns).

DEFE the Chopper (Coglin Fighter)                   Turns: 3060, Time: 00:02:26

Health: -1/52      AC: 11    Str: 19    XL:     7   Next: 13%
Magic:  7/7        EV:  6    Int:  7    God:
Gold:   108        SH:  0    Dex: 13    Spells: 6/6 levels left

rFire   . . .        a - +0 war axe {Kasem}
rCold   . . .        d - +2 spear (vamp) {Cihuaton}
rNeg    . . .        m - +0 chain mail
rPois   .            e - +0 helmet
rElec   .            (no cloak)
rCorr   .            g - +0 pair of gloves
SInv    .            (no boots)
Will    .....        (amulet unavailable) Stlth
                     (ring unavailable)
HPRegen 0.28/turn    (ring unavailable)
MPRegen 0.10/turn    (no gizmo)

%: no passive effects
@: confused, brilliant, ambrosia-drunk, revved
A: off-hand wielding, slow wielding, warmup strikes, no jewellery
a: Invent Gizmo, Convert to Beogh


You were on level 5 of the Dungeon.
You visited 1 branch of the dungeon, and saw 5 of its levels.

You collected 156 gold pieces.
You spent 48 gold pieces at shops.

Inventory:

Hand Weapons
 a - a +0 war axe (weapon) {Kasem}
 d - a +2 vampiric spear (offhand) {Cihuaton}
 r - a +1 dagger of venom
Armour
 b - a +0 scale mail
 c - a +0 buckler
 e - a +0 helmet (worn)
 g - a +0 pair of gloves (worn)
 m - a +0 chain mail (worn)
Wands
 l - a wand of mindburst (17)
Scrolls
 h - 2 scrolls of fear {unknown}
 i - 2 scrolls of identify {unknown}
 j - a scroll of immolation {unknown}
 k - a scroll of enchant armour {unknown}
 n - a scroll of amnesia {unknown}
 p - a scroll of teleportation {unknown}


   Skills:
 - Level 3.0 Fighting
 + Level 7.5 Axes
 - Level 2.6 Armour
 - Level 2.1 Shields


You had 6 spell levels left.
You didn't know any spells.
Your spell library contained the following spells:

 Spells                   Type           Power      Damage    Failure   Level
 Apportation              Tloc           0%         N/A       99%         1
 Ensorcelled Hibernation  Hex/Ice        0%         N/A       99%         2
 Jinxbite                 Hex            0%         N/A       99%         2
 Call Canine Familiar     Summ           0%         N/A       100%        3
 Passwall                 Erth           0%         N/A       100%        3
 Sigil of Binding         Hex            0%         N/A       100%        3
 Swiftness                Air            0%         N/A       100%        3
 Dimensional Bullseye     Hex/Tloc       0%         N/A       100%        4
 Alistair's Intoxication  Alch           0%         N/A       100%        5


Dungeon Overview and Level Annotations

Branches:
Dungeon (5/15)
 Temple: D:4-7

Altars:
Sif Muna
Uskayaw

Shops:
D:4 !

Annotations:
D:3 exclusion: door
D:5 Pikel


Innate Abilities, Weirdness & Mutations

You can wield a second weapon in your off-hand.
It takes a long time for you to wield or remove held weapons.
Your first few attacks do less damage.
You cannot equip rings or amulets.


Message History

Pikel hits you with a +1 whip of freezing.
Pikel freezes you.
Unknown command.
You closely miss Pikel with your +2 vampiric spear.
Pikel is severely wounded.
You barely miss Pikel with your +0 war axe.
Pikel hits you with a +1 whip of freezing.
* * * LOW HITPOINT WARNING * * *
Pikel freezes you.
* * * LOW HITPOINT WARNING * * *
You barely miss Pikel with your +2 vampiric spear.
Pikel is severely wounded.
You barely miss Pikel with your +0 war axe.
Pikel hits you but does no damage.
Unknown command.
You feel better.
Pikel hits you with a +1 whip of freezing.
* * * LOW HITPOINT WARNING * * *
Pikel freezes you.
* * * LOW HITPOINT WARNING * * *
It was a potion of brilliance.
You feel clever all of a sudden.
An orc priest comes into view. It is wielding a +0 whip.
Pikel hits you with a +1 whip of freezing.
* * * LOW HITPOINT WARNING * * *
Pikel freezes you.
* * * LOW HITPOINT WARNING * * *
Unknown command.
It was a potion of ambrosia.
You are confused.
You feel invigorated. Pikel hits you but does no damage.
The orc priest shouts, "The Pantheon deserves no one's loyalty.
Let us show you the true path!" (press Y on the ability menu to convert to Beogh) Unknown command.
You slash Pikel with your +0 war axe!
Pikel is almost dead.
You closely miss Pikel with your +2 vampiric spear.
The orc priest invokes the aid of Beogh against you.
Beogh smites you!
You die...

..# #.# ... #.# #.# #
#.##.# #..#####....##
#oo55K@.#...###
.......#.....o5##.##....##
....#..#....... #.# ..#..#
.......#.......
#.###....##
.##....#.......
#..|.#....#
.##....#.......
####......#
.......#....... ###....#
....#..#....... #....#
.......# #....#


You could see Pikel, 3 lemures, an orc priest, an orc wizard and an orc.

Vanquished Creatures
  An ogre (D:5)
  2 scorpions (D:4)
  A hound (D:4)
  An iguana (D:4)
  An orc wizard (D:4)
  Natasha (thrice) (D:2)
  A gnoll (D:1)
  3 adders
  3 dart slugs
  5 orcs
  7 ball pythons
  6 bats
  9 endoplasms
  5 giant cockroaches
  7 hobgoblins
  7 jackals
  11 kobolds
  3 quokkas
  2 frilled lizards (D:2)
  7 goblins
  7 rats
92 creatures vanquished.

Notes
Turn   | Place    | Note
-------+----------+-------------------------------------------
     0 | D:1      | DEFE the Coglin Fighter began the quest for the Orb.
     0 | D:1      | Reached XP level 1. HP: 18/18 MP: 1/1
    89 | D:1      | Reached skill level 3 in Axes
    89 | D:1      | Reached XP level 2. HP: 3/24 MP: 2/2
   261 | D:1      | Reached XP level 3. HP: 29/29 MP: 3/3
   291 | D:1      | You fall into a shaft and drop 1 floor!
   746 | D:2      | Noticed Natasha
   752 | D:2      | Killed Natasha
   753 | D:2      | Reached skill level 4 in Axes
   753 | D:2      | Reached XP level 4. HP: 35/35 MP: 4/4
   843 | D:2      | Noticed Natasha
   849 | D:2      | Killed Natasha
  1086 | D:2      | Noticed Natasha
  1099 | D:2      | Killed Natasha
  1100 | D:2      | Reached skill level 5 in Axes
  1100 | D:2      | Reached XP level 5. HP: 21/41 MP: 5/5
  1736 | D:3      | Found a shimmering blue altar of Sif Muna.
  2129 | D:3      | Found a hide-covered altar of Uskayaw.
  2400 | D:4      | Reached skill level 6 in Axes
  2400 | D:4      | Reached XP level 6. HP: 22/47 MP: 6/6
  2631 | D:4      | Found Maaf's Distillery.
  2651 | D:4      | Bought a potion of curing for 36 gold pieces
  2651 | D:4      | Bought a potion of degeneration for 12 gold pieces
  2770 | D:4      | Reached skill level 7 in Axes
  2951 | D:5      | Entered Level 5 of the Dungeon
  2974 | D:5      | Reached XP level 7. HP: 47/52 MP: 7/7
  3042 | D:5      | Noticed Pikel
  3060 | D:5      | Killed from afar by an orc priest

Illustrated notes

Levels and vault maps discovered:
D:1:      scummos_arrival_checkerplants, layout_rooms,
          nicolae_twisty_statue_hallways
D:2:      layout_basic, kennysheep_nondescript, uniq_natasha
D:3:      layout_loops_ring, led_sif_book, nicolae_uskayaw_suspiria
D:4:      layout_rooms, serial_shops, shop, kennysheep_generic_room_5
D:5:      layout_rooms, nicolae_overflow_hallway_of_the_gods,
          minmay_temple_entry_statues_fountains, kennysheep_pointless_box,
          nicolae_zen_rock_garden, uniq_pikel, uniq_edmund

Skill      XL: |  1  2  3  4  5  6 |
---------------+-------------------+-----
Axes           | 3 4 5 6 7 |  7.5
Fighting       | |  3.0
Armour         | |  2.6
Shields        | |  2.1

Action                     |  1- 3 |  4- 6 |  7- 9 || total
---------------------------+-------+-------+-------++-------
  Melee: War axe           |    32 |    89 |    13 ||   134
         Spear             |    35 |   113 |    13 ||   161
    Use: Potion            |     1 |       |     3 ||     4
 Armour: Scale mail        |    24 |    32 |       ||    56
         Chain mail        |       |    38 |    13 ||    51
  Dodge: Dodged            |    14 |    40 |     3 ||    57
  Block: Buckler           |     3 |       |       ||     3

Table legend: (Time is in decaauts)
 A = Elapsed time spent in this place.
 B = Non-inter-level travel time spent in this place.
 C = Inter-level travel time spent in this place.
 D = Time resting spent in this place.
 E = Time spent auto-exploring this place.
 F = Levels seen in this place.
 G = Mean time per level.
                   A        B        C        D        E       F      G
               +--------+--------+--------+--------+--------+-----+--------+
         Total |   3091 |   2920 |    171 |    211 |   2175 |   5 |  618.2 |
       Dungeon |   3091 |   2920 |    171 |    211 |   2175 |   5 |  618.2 |
               +--------+--------+--------+--------+--------+-----+--------+

Top non-repeatable levels by time:
     D:2: 1159 daAuts
     D:3: 689 daAuts
     D:4: 579 daAuts
     D:1: 554 daAuts
     D:5: 109 daAuts
